 Dungeon Crawl Stone Soup version 0.18.1-48-g4cf74bf (webtiles) character file.

349 sohrabk the Chopper (level 6, -4/55 HPs)
             Began as a Hill Orc Berserker on Aug 13, 2016.
             Was a Priest of Trog.
             Slain by an orc warrior
             ... wielding a +0 glaive
              (25 damage)
             ... on level 6 of the Dungeon.
             The game lasted 00:06:20 (3494 turns).

sohrabk the Chopper (Hill Orc Berserker)            Turns: 3494, Time: 00:06:21

Health: -4/55      AC: 13    Str: 22    XL:     6   Next: 60%
Magic:  6/6        EV:  8    Int:  7    God:    Trog [***...]
Gold:   240        SH:  0    Dex: 10    Spells: 0 memorised, 5 levels left

rFire  + . .     SeeInvis .     q - +1 dire flail (curse)
rCold  x . .     Gourm    .     m - +0 chain mail
rNeg   . . .     Faith    .     (shield currently unavailable)
rPois  .         Spirit   .     n - +0 helmet
rElec  .         Dismiss  .     e - +1 cloak
rCorr  .         Reflect  .     (no gloves)
SustAt .         Harm     .     (no boots)
MR     .....                    (no amulet)
Stlth  ..........               (no ring)
                                o - ring of fire

@: about to teleport, not resistant to hostile enchantments, extremely
unstealthy
A: no striking features
a: Berserk, Trog's Hand, Burn Spellbooks, Renounce Religion


You were on level 6 of the Dungeon.
You worshipped Trog.
Trog was most pleased with you.
You were not hungry.

You visited 1 branch of the dungeon, and saw 6 of its levels.

You collected 240 gold pieces.

Inventory:

Hand Weapons
 a - a +1 hand axe
 q - a cursed +1 dire flail (weapon)
Armour
 b - a +0 animal skin
 e - a +1 cloak (worn)
 m - a +0 chain mail (worn)
 n - a +0 helmet (worn)
Jewellery
 o - a ring of fire (left hand)
 p - an uncursed amulet of faith {unknown}
Wands
 v - a wand of flame (36/48)
Scrolls
 c - 4 scrolls of identify
 h - 2 scrolls of enchant weapon
 k - a scroll of blinking
 t - 2 scrolls of remove curse
Potions
 d - a potion of curing
 g - 2 potions of haste
 r - 2 potions of degeneration {unknown}
Comestibles
 f - a bread ration
 i - a slice of pizza
 l - a meat ration


   Skills:
 + Level 4.9 Fighting
 * Level 6.0 Axes
 * Level 4.8 Armour
 - Level 2.5 Dodging


You had 5 spell levels left.
You didn't know any spells.

Dungeon Overview and Level Annotations

Branches:
Dungeon (6/15)             Temple (0/1) D:5

Altars:
Cheibriados
Elyvilon
Makhleb
Pakellas
Ru
Vehumet
Yredelemnul
Zin


Message History

Trog accepts your kill.
An orc warrior comes into view. It is wielding a glaive.
An orc warrior is nearby!
The orc warrior shouts!
You hear a shout! x3
The orc warrior hits you from afar with a glaive!
Things that are here:
a mace; a leather armour; an orc corpse An orc warrior is nearby!
An orc and an orc priest come into view.
The orc priest shouts, "Join the one true god or die!" (press Y on the ability menu to convert to Beogh)
The orc priest shouts!
The orc warrior hits you with a glaive!!
Things that are here:
a mace; a leather armour; an orc corpse Read which item? (? for menu, Esc to quit)
As you read the scroll of teleportation, it crumbles to dust.
You feel strangely unstable.
The orc warrior hits you from afar with a glaive!!
You die...

#...###.##.#.#... #.#.
#.# ..†............_..
...### #.#
.....##..#.#.#...#
#...# #.#
.....#####.#.##.##
#...# #.# ....## #.#
.... #...####.# .####
#.####.####.#........#
.#
#.....o..oo.#.>.######
.# ### #.######...#
..... #.@........#
....# ##......##.#
..... #...#####.#
.###. ###.# #.# #..
..# #### ###


You could see an orc warrior.

Vanquished Creatures
  2 giant frogs (D:6)
  A wight (D:6)
  A crimson imp (D:5)
  A hound (D:5)
  A worker ant zombie (D:5)
  2 adders
  An adder zombie (D:5)
  A worm (D:4)
  3 dart slugs
  3 orcs
  2 ball pythons
  7 bats
  5 giant cockroaches
  6 goblins
  8 hobgoblins
  4 jackals
  11 kobolds
  4 quokkas
  5 giant newts
  A jackal zombie (D:5)
  6 rats
75 creatures vanquished.

Notes
Turn   | Place    | Note
--------------------------------------------------------------
     0 | D:1      | sohrabk the Hill Orc Berserker began the quest for the Orb.
     0 | D:1      | Reached XP level 1. HP: 19/19 MP: 1/1
    79 | D:1      | Reached XP level 2. HP: 27/27 MP: 2/2
   440 | D:1      | Reached ** piety under Trog
   465 | D:1      | Reached XP level 3. HP: 22/33 MP: 3/3
  1276 | D:2      | Found a faded altar to an unknown god.
  1482 | D:2      | Reached XP level 4. HP: 41/41 MP: 4/4
  1869 | D:3      | Found a glowing silver altar of Zin.
  1973 | D:4      | Found a snail-covered altar of Cheibriados.
  2138 | D:4      | Found an oddly glowing altar of Pakellas.
  2593 | D:5      | Entered Level 5 of the Dungeon
  2611 | D:5      | Found a radiant altar of Vehumet.
  2663 | D:5      | Reached *** piety under Trog
  2701 | D:5      | Found a basalt altar of Yredelemnul.
  2706 | D:5      | Found a burning altar of Makhleb.
  2707 | D:5      | Noticed a blizzard demon
  2850 | D:5      | Found a white marble altar of Elyvilon.
  2941 | D:5      | Reached skill level 5 in Axes
  2941 | D:5      | Reached XP level 5. HP: 45/47 MP: 5/5
  3030 | D:5      | Found a staircase to the Ecumenical Temple.
  3240 | D:6      | Reached XP level 6. HP: 44/53 MP: 6/6
  3413 | D:6      | Found a sacrificial altar of Ru.
  3426 | D:6      | Reached skill level 6 in Axes
  3491 | D:6      | Noticed an orc warrior
  3494 | D:6      | Slain by an orc warrior

Skill      XL: |  1  2  3  4  5  6 |
---------------+-------------------+-----
Fighting       | 4 |  4.9
Dodging        | 2 |  2.5
Axes           | 5 6 |  6.0
Armour         | 3 4 |  4.8

Action                   |  1- 3 |  4- 6 || total
-------------------------+-------+-------++-------
Melee: Hand axe          |   123 |   175 ||   298
       Dire flail        |       |     9 ||     9
  Use: Scroll            |     5 |     7 ||    12
       Potion            |     1 |     3 ||     4
  Eat: Bread ration      |     1 |     1 ||     2
Armor: Animal skin       |    18 |       ||    18
       Chain mail        |    15 |   108 ||   123
Dodge: Dodged            |    81 |    76 ||   157
